 Dungeon Crawl Stone Soup version 0.31-a0-473-g61b50ae490 (webtiles) character file.

Game seed: 599905245790996255

325 MisterAzrael the Magician (level 6, 0/69 HPs)
             Began as a Djinni Fire Elementalist on Aug 7, 2023.
             Constricted to death by Ijyb (6 damage)
             ... on level 3 of the Dungeon.
             The game lasted 00:04:21 (2779 turns).

MisterAzrael the Magician (DjFE)                    Turns: 2779, Time: 00:04:21

Health: 0/69       AC: 23    Str: 11 (13) XL:     6   Next: 78%
Gold:   80         EV: -1    Int: 22 (24) God:
                   SH:  0    Dex: 15 (17)

rFire   . . .        k - +4 dagger of Poorattepu {freeze, Int+4 Dex+3}
rCold   . . .        (no shield)
rNeg    + . .        a - melded +1 robe
rPois   ∞            (helmet currently unavailable)
rElec   .            (cloak currently unavailable)
rCorr   .            (gloves currently unavailable)
SInv    +            (boots unavailable)
Will    .....        (no amulet)
Stlth   ++           l - ring of Danoepe {rN+ Str+6 Int+2 Slay-5 SInv}
HPRegen 0.31/turn    (no ring)
MPRegen 0.00/turn

%: infuse magic (-1 HP)
@: tree-form, weak-willed, grasped by roots, constricted
A: stationary, stasis, torment immunity, boosted hp, sickness immunity, (fire
resistance 2), (cold vulnerability 1), float, innate caster, HP casting, extra
vitality 1
a: no special abilities


You were on level 3 of the Dungeon.
You were a tree.
You visited 1 branch of the dungeon, and saw 3 of its levels.

You collected 80 gold pieces.

Inventory:

Hand Weapons
 k - the +4 dagger of Poorattepu (weapon) {freeze, Int+4 Dex+3}
   (You found it on level 2 of the Dungeon)

   Int:       It affects your intelligence (+4).
   Dex:       It affects your dexterity (+3).
Missiles
 i - a throwing net
Armour
 a - a +1 robe (melded)
Magical Staves
 j - a staff of air
Jewellery
 l - the ring of Danoepe (left branch) {rN+ Str+6 Int+2 Slay-5 SInv}
   (You found it on level 2 of the Dungeon)

   [ring of strength]

   Str:       It affects your strength (+6).
   Int:       It affects your intelligence (+2).
   Slay:      It affects your accuracy & damage with ranged weapons and melee
   (-5).
   rN:        It protects you from negative energy.
   SInv:      It lets you see invisible.
Wands
 g - a wand of charming (5)
Scrolls
 b - a scroll of teleportation
 e - a scroll of identify
 h - a scroll of noise
Potions
 d - a potion of degeneration


   Skills:
 + Level 3.3 Fighting
 - Level 2.1 Dodging
 - Level 1.5 Stealth
 - Level 0.1 Unarmed Combat
 * Level 4.8 Spellcasting
 * Level 4.8 Conjurations
 * Level 4.8 Hexes
   Level 0.0 Charms
 * Level 4.8 Summonings
 * Level 4.8 Necromancy
 * Level 4.8 Translocations
 * Level 4.8 Transmutations
 * Level 4.8 Fire Magic
 * Level 4.8 Ice Magic
 * Level 4.8 Air Magic
 * Level 4.8 Earth Magic
 * Level 4.8 Poison Magic


You knew the following spells:

 Your Spells              Type           Power      Damage    Failure   Level
a - Foxfire               Conj/Fire      100%       2x1d9     1%          1
b - Scorch                Fire           52%        2d7       1%          2
c - Volatile Blastmotes   Fire/Tloc      52%        2d14      4%          3
d - Inner Flame           Hex/Fire       26%        N/A       4%          3
e - Flame Wave            Conj/Fire      26%        2d8       14%         4
f - Sandblast             Erth           52%        2d12      1%          1
g - Lesser Beckoning      Tloc           52%        N/A       1%          2
Your spell library was empty.

Dungeon Overview and Level Annotations

Branches:
Dungeon (3/15)

Altars:

Shops:
D:3 [*=

Annotations:
D:3 Ijyb, Robin


Innate Abilities, Weirdness & Mutations

You are a tree.
Your roots penetrate the ground, keeping you stationary.
You cannot be teleported.
You are immune to unholy pain and torment.
Your maximum health is greatly increased.
Your equipment is partially melded.
You are immune to sickness and miasma.
You are immune to poison.
((Your flesh is very heat resistant. (rF++)))
((You are vulnerable to cold. (rC-)))
You float through the air rather than walking.
You learn spells naturally, not from books.
Your magical power is your life essence.
You have superior vitality. (+4 MHP)


Message History

You escape the roots grasp.
A goblin comes into view. It is wielding a +0 club.
The goblin no longer looks unusually strong.
Robin roars a battlecry!
The goblin goes into a battle-frenzy!
Ijyb zaps a wand.
The roots erupt in riotous growth!
The grasping roots grab you! The grasping roots constrict you.
* * * LOW HITPOINT WARNING * * *
The goblin moves out of view.
It was a potion of degeneration.
There was something very wrong with that liquid.
You feel weakened.
You feel dopey.
You feel clumsy. The grasping roots constrict you.
* * * LOW HITPOINT WARNING * * *
It was a potion of lignification.
You turn into a tree.
Your +1 robe melds into your body.
Your roots penetrate the ground.
Robin roars a battlecry!
Ijyb hits you with a +0 dagger.
* * * LOW HITPOINT WARNING * * *
The grasping roots constrict you.
The grasping roots release their grip on you.
You closely miss Ijyb.
Ijyb is moderately wounded.
The goblin hits you but does no damage.
Ijyb zaps a wand.
The roots erupt in riotous growth!
The grasping roots grab you!
Ijyb is unaffected.
The goblin is unaffected.
The grasping roots constrict you.
A goblin comes into view. It is wielding a +0 dagger.
A hobgoblin comes into view.
The goblin shouts!
Okay, then.
Really read the scroll of vulnerability?
As you read the scroll of vulnerability, it crumbles to dust.
Magic quickly surges around you.
Robin roars a battlecry!
The hobgoblin goes into a battle-frenzy!
The goblin hits you but does no damage. Ijyb hits you but does no damage.
The grasping roots constrict you.
You die...

##.# .)....#<. ...#
######g##g.... #### ##....))....#
######..####.#..## ##
##...##.###..gg.####.
#.♣P♣...##..#)##.....
##..P<###..##..P.P..# .
######..........ggP♣♣♣♣.# ##.
.♣..........####♣....♣♣P######...
P♣P.##......# #....P♣..#...#...#
...#........# #.#..P..##..#.#..#
##.#.#......# ##.##...#...#...#.#
#...#......###..######.##..∩.†##
#...#......##..## #.#.#...#.#
#..####.#####.## #....#.#...
..........###.# #......#...#
.#######....##.# #.......§...#


You could see Ijyb (inner flame, strong, weak-willed), Robin (weak-willed), a
hobgoblin (strong, weak-willed) and 3 goblins.

Vanquished Creatures
  Grinder (D:3)
  Jessica (D:2)
  4 adders (D:2)
  2 worms
  A dart slug (D:2)
  An orc (D:3)
  8 ball pythons
  4 endoplasms (D:2)
  7 goblins
  7 hobgoblins
  2 jackals (D:1)
  7 kobolds
  2 quokkas
  4 bats
  3 frilled lizards
  2 rats
56 creatures vanquished.

Vanquished Creatures (others)
  261 foxfires
261 creatures vanquished.

Grand Total: 317 creatures vanquished

Notes
Turn   | Place    | Note
-------+----------+-------------------------------------------
     0 | D:1      | MisterAzrael the Djinni Fire Elementalist began the quest
                  | for the Orb.
     0 | D:1      | MisterAzrael set off with the following spells memorised:
                  | Foxfire, Scorch, Volatile Blastmotes, Inner Flame, Flame
                  | Wave.
     0 | D:1      | Reached XP level 1. HP: 15/15 MP: 0/0
   144 | D:1      | Reached XP level 2. HP: 18/22 MP: 0/0
   503 | D:1      | Reached skill level 1 in Fighting
   566 | D:1      | Reached XP level 3. HP: 24/27 MP: 0/0
   566 | D:1      | Learned a level 1 spell: Sandblast
  1092 | D:2      | Identified the +4 dagger of Poorattepu {freeze, Int+4
                  | Dex+3}
  1113 | D:2      | Reached XP level 4. HP: 29/32 MP: 0/0
  1199 | D:2      | Noticed Jessica
  1204 | D:2      | Killed Jessica
  1374 | D:2      | Identified the ring of Danoepe {rN+ Str+6 Int+2 Slay-5
                  | SInv}
  1622 | D:2      | Reached XP level 5. HP: 34/38 MP: 0/0
  1622 | D:2      | Learned a level 2 spell: Lesser Beckoning
  2372 | D:3      | Found Ydghireq's Armour Boutique.
  2391 | D:3      | Found Adwagh's Jewellery Shop.
  2432 | D:3      | Found Boecoylu's Assorted Antiques.
  2452 | D:3      | Noticed Grinder
  2457 | D:3      | Killed Grinder
  2458 | D:3      | Reached XP level 6. HP: 39/46 MP: 0/0
  2759 | D:3      | Noticed Robin
  2762 | D:3      | Noticed Ijyb
  2779 | D:3      | Constricted to death by Ijyb

Illustrated notes

Levels and vault maps discovered:
D:1:      eino_arrival_druids_welcome, layout_loops_ring, serial_aquarium,
          aquarium_bridge_straight [aquarium_subvault_bridge,
          aquarium_subvault_wall, aquarium_subvault_bridge,
          aquarium_subvault_wall], aquarium_bridge_straight
          [aquarium_subvault_bridge, aquarium_subvault_wall,
          aquarium_subvault_bridge, aquarium_subvault_balcony],
          aquarium_window_fake, aquarium_window_fake, aquarium_view_2e,
          aquarium_view_2e, aquarium_balcony_3a, serial_park_tiny_2
D:2:      layout_loops_corners, uniq_jessica
D:3:      layout_rooms, serial_forest, infiniplex_forest_clump_curved,
          infiniplex_forest_lined_corner, infiniplex_forest_clump_tiny,
          infiniplex_forest_lined_4_way, infiniplex_forest_clump_tiny,
          infiniplex_forest_clump_small, infiniplex_forest_straight_2,
          infiniplex_forest_3_way, shapermc_ecumenical_altar_gd, serial_shops,
          nicolae_shop_back_alley_shop, nicolae_shop_advertising_works
          [nicolae_subvault_shop_adworks], shop, nicolae_diamond_shop,
          uniq_robin, uniq_ijyb, uniq_grinder

Skill      XL: |  1  2  3  4  5 |
---------------+----------------+-----
Spellcasting   | 4 |  4.8
Conjurations   | 4 |  4.8
Hexes          | 4 |  4.8
Summonings     | 4 |  4.8
Necromancy     | 4 |  4.8
Translocations | 4 |  4.8
Transmutations | 4 |  4.8
Fire Magic     | 4 |  4.8
Ice Magic      | 4 |  4.8
Air Magic      | 4 |  4.8
Earth Magic    | 4 |  4.8
Poison Magic   | 4 |  4.8
Fighting       | 1 2 3 |  3.3
Dodging        | |  2.1
Stealth        | |  1.5
Unarmed Combat | |  0.1

Action                     |  1- 3 |  4- 6 || total
---------------------------+-------+-------++-------
  Melee: Dagger            |       |     1 ||     1
   Cast: Foxfire           |    77 |    92 ||   169
         Scorch            |       |     7 ||     7
         Inner Flame       |       |     5 ||     5
         Lesser Beckoning  |       |     1 ||     1
         Sandblast         |       |     1 ||     1
    Use: Scroll            |       |     7 ||     7
         Potion            |       |     4 ||     4
 Armour: Robe              |     3 |     2 ||     5
         Skin              |       |     3 ||     3
  Dodge: Dodged            |     2 |    11 ||    13

Table legend: (Time is in decaauts)
 A = Elapsed time spent in this place.
 B = Non-inter-level travel time spent in this place.
 C = Inter-level travel time spent in this place.
 D = Time resting spent in this place.
 E = Time spent auto-exploring this place.
 F = Levels seen in this place.
 G = Mean time per level.
                   A        B        C        D        E       F      G
               +--------+--------+--------+--------+--------+-----+--------+
         Total |   2782 |   2718 |     64 |    388 |   1920 |   3 |  927.3 |
       Dungeon |   2782 |   2718 |     64 |    388 |   1920 |   3 |  927.3 |
               +--------+--------+--------+--------+--------+-----+--------+

Top non-repeatable levels by time:
     D:2: 1359 daAuts
     D:1: 873 daAuts
     D:3: 550 daAuts
